 Dungeon Crawl Stone Soup version 0.25-a0-565-g8875c97ebb (webtiles) character file.

Game seed: 11621997423820309585, levelgen mode: deterministic

4207 Flugslaktarn the Cleaver (level 10, -2/98 HPs)
             Began as a Deep Dwarf Fighter on Feb 26, 2020.
             Was a Believer of Makhleb.
             Slain by an unseen horror (7 damage)
             ... on level 10 of the Dungeon.
             The game lasted 00:04:15 (5591 turns).

Flugslaktarn the Cleaver (Deep Dwarf Fighter)       Turns: 5591, Time: 00:04:16

Health: -2/98      AC: 16    Str: 23    XL:     10   Next: 8%
Magic:  4/4        EV:  4    Int:  9    God:    Makhleb [**....]
Gold:   223        SH:  9    Dex: 12    Spells: 9/9 levels left

rFire    . . .     SeeInvis .   x - +0 war axe (vorpal)
rCold    . . .     Gourm    .   c - +0 kite shield
rNeg     . . .     Faith    .   y - +0 plate armour
rPois    .         Spirit   .   j - +1 hat
rElec    .         Reflect  .   u - +1 cloak {MR+}
rCorr    .         Harm     .   (no gloves)
MR       ++...                  (no boots)
Stlth    ..........             (no amulet)
HPRegen  0.00/turn              (no ring)
MPRegen  0.09/turn              (no ring)

@: starving, non-regenerating
A: damage resistance, heal wounds, sense surroundings 2, no regeneration
a: Heal Wounds, Minor Destruction, Renounce Religion


You were on level 10 of the Dungeon.
You worshipped Makhleb.
Makhleb was pleased with you.
You were starving.

You visited 2 branches of the dungeon, and saw 10 of its levels.

You collected 372 gold pieces.
You spent 149 gold pieces at shops.

Inventory:

Hand Weapons
 a - a +0 war axe
 f - a +0 halberd of distortion
   (You took it off a gnoll on level 4 of the Dungeon)
 x - a +0 vorpal war axe (weapon)
   (You bought it in a shop on level 10 of the Dungeon)
Missiles
 v - 2 throwing nets (quivered)
Armour
 c - a +0 kite shield (worn)
 j - a +1 hat (worn)
   (You found it on level 5 of the Dungeon)
 m - a +0 tower shield
   (You found it on level 10 of the Dungeon)
 u - a +1 cloak of magic resistance (worn)
   (You took it off Crazy Yiuf on level 4 of the Dungeon)
 y - a +0 plate armour (worn)
   (You took it off an orc warrior on level 6 of the Dungeon)
Wands
 A - a wand of iceblast (9)
   (You found it on level 8 of the Dungeon)
Scrolls
 g - 2 scrolls of enchant weapon
 i - a scroll of fear
 k - 3 scrolls of magic mapping
 p - a scroll of brand weapon {unknown}
 r - 2 scrolls of identify
 t - 2 scrolls of teleportation
 w - 3 scrolls of remove curse
Potions
 b - 2 potions of brilliance {unknown}
 d - 3 potions of might
 h - 6 potions of heal wounds
 l - a potion of flight
 n - 2 potions of stabbing
 o - 3 potions of magic
 q - 3 potions of curing
 s - 3 potions of lignification {unknown}
 z - a potion of haste {unknown}
 B - a potion of resistance {unknown}
Comestibles
 e - 7 rations


   Skills:
 * Level 8.7 Fighting
 * Level 9.9 Axes
 + Level 7.5 Armour
 - Level 3.2 Shields
 + Level 5.4 Invocations


You had 9 spell levels left.
You didn't know any spells.
Your spell library was empty.

Dungeon Overview and Level Annotations

Branches:
Dungeon (8/15)             Temple (1/1) D:6             Orc (0/2) D:10
   Lair: D:8-11

Altars:
Ashenzari
Dithmenos
Elyvilon
Fedhas
Gozag
Hepliaklqana
Kikubaaqudgha
Makhleb
Nemelex Xobeh
Okawaru
Ru
Sif Muna
Trog
Uskayaw
Vehumet
Wu Jian
Xom
Yredelemnul
Zin
The Shining One

Shops:
D:10 (

Annotations:
D:4 1 transporter
D:6 2 transporters, Esekla's ghost, novice DEWz


Innate Abilities, Weirdness & Mutations

You are resistant to damage.
You can heal yourself by infusing magical energy.
You passively map the area around you.
You do not regenerate.


Message History

* * * LOW HITPOINT WARNING * * *
Something hits you but does no damage.
You miss something. Something hits you but does no damage.
You miss something. Something hits you but does no damage.
You barely miss something. Something hits you but does no damage.
You swing at nothing.
Something hits you.
You swing at nothing.
Something hits you but does no damage.
You hit something but do no damage. Something hits you but does no damage.
You swing at nothing.
Something hits you but does no damage.
You closely miss something. You block something's attack.
You swing at nothing.
Something hits you but does no damage.
You miss something. Something hits you but does no damage.
You swing at nothing.
You hit something. Something hits you but does no damage.
You swing at nothing.
You swing at nothing.
Something hits you.
* * * LOW HITPOINT WARNING * * *
You swing at nothing.
Something hits you but does no damage. Something hits you!
You die...

,
#.....##(.##.##
*
#########.<.##
* * #.### * #.#
##########.#
##.......##.#
..........##.#
**
###..###..##.#
#. #.....@.#
#.....#..####
## ##..###..#
.# #. ,>...#
.## # ....##
..### ######
....# ....##
.....#


There were no monsters in sight!

Vanquished Creatures
  A centaur zombie (D:10)
  Prince Ribbit (D:5)
  A hippogriff (D:10)
  2 hungry ghosts (D:10)
  A hornet zombie (D:10)
  An orc warrior (D:6)
  A sky beast (D:10)
  3 ogres
  2 phantoms (D:10)
  2 centaurs
  Blork the orc (D:4)
  A big kobold (D:10)
  6 bullfrogs
  3 troll zombies (D:10)
  2 scorpions (D:6)
  A water moccasin skeleton (D:7)
  6 killer bees (D:8)
  2 howler monkeys (D:6)
  3 crimson imps (D:6)
  3 hounds
  A gnoll shaman (D:4)
  5 orc wizards
  4 orc priests
  3 jellies
  Crazy Yiuf (D:4)
  3 iguanas
  7 worker ants
  5 ogre zombies (D:10)
  A hound zombie (D:8)
  A hound skeleton (D:7)
  12 gnolls
  10 adders
  A shadow imp (D:10)
  An adder zombie (D:6)
  A dart slug (D:1)
  4 leopard geckos
  15 orcs
  4 giant cockroaches
  5 goblins
  2 hobgoblins
  7 kobolds
  A quokka (D:2)
  7 frilled lizards
  4 goblin skeletons (D:10)
  A hobgoblin skeleton (D:10)
  3 hobgoblin zombies (D:10)
  A jackal skeleton (D:7)
  2 leopard gecko zombies (D:5)
  6 orc skeletons (D:10)
  11 orc zombies (D:10)
  A quokka skeleton (D:5)
  4 rats
177 creatures vanquished.

Notes
Turn   | Place    | Note
-------+----------+-------------------------------------------
     0 | D:1      | Flugslaktarn the Deep Dwarf Fighter began the quest for the
                  | Orb.
     0 | D:1      | Reached XP level 1. HP: 20/20 MP: 1/1
    97 | D:1      | Reached XP level 2. HP: 28/28 MP: 2/2
   114 | D:2      | Reached skill level 3 in Axes
   118 | D:2      | Reached XP level 3. HP: 31/34 MP: 3/3
   248 | D:2      | Found a faded altar of an unknown god.
   330 | D:2      | Reached XP level 4. HP: 41/42 MP: 3/3
   603 | D:4      | Noticed Blork the orc
   617 | D:4      | Killed Blork the orc
   617 | D:4      | Reached skill level 4 in Axes
   617 | D:4      | Reached XP level 5. HP: 22/50 MP: 4/4
   721 | D:4      | Found a sparkling altar of Nemelex Xobeh.
   721 | D:4      | Found a transporter.
   722 | D:4      | Noticed a centaur
   732 | D:4      | Reached XP level 6. HP: 42/58 MP: 4/4
   901 | D:4      | Reached skill level 5 in Axes
  1082 | D:4      | Found a runed translucent door.
  1083 | D:4      | Noticed Crazy Yiuf
  1090 | D:4      | Killed Crazy Yiuf
  1427 | D:5      | Entered Level 5 of the Dungeon
  1501 | D:5      | Reached skill level 5 in Fighting
  1584 | D:5      | Noticed Prince Ribbit
  1783 | D:5      | Reached XP level 7. HP: 60/67 MP: 2/2
  1795 | D:5      | Killed Prince Ribbit
  1795 | D:5      | Reached skill level 6 in Axes
  1795 | D:5      | Reached skill level 5 in Armour
  2526 | D:6      | Found a blossoming altar of Fedhas.
  2603 | D:6      | Reached XP level 8. HP: 69/76 MP: 1/1
  2633 | D:6      | Reached skill level 7 in Axes
  2752 | D:6      | Found a staircase to the Ecumenical Temple.
  2772 | Temple   | Entered the Ecumenical Temple
  2824 | Temple   | Became a worshipper of Makhleb the Destroyer
  2872 | D:6      | Found a transporter.
  2878 | D:6      | Found a transporter.
  2880 | D:6      | Noticed Esekla's ghost (novice DEWz)
  2881 | D:6      | Identified the +6 dire flail of Famylif {holy, Str-3 Int+4}
  2881 | D:6      | Noticed a two-headed ogre
  2903 | D:6      | Reached skill level 1 in Invocations
  3490 | D:6      | Reached skill level 8 in Axes
  3592 | D:6      | Found an ornate altar of the Wu Jian Council.
  4027 | D:7      | Reached * piety under Makhleb
  4140 | D:7      | Gained mutation: You passively map the area around you.
                  | [Deep Dwarf growth]
  4140 | D:7      | Reached XP level 9. HP: 69/86 MP: 4/4
  4793 | D:8      | You fall into a shaft and drop 2 floors!
  4793 | D:10     | Entered Level 10 of the Dungeon
  4815 | D:10     | Reached skill level 9 in Axes
  4840 | D:10     | Found a staircase to the Orcish Mines.
  4846 | D:10     | Reached ** piety under Makhleb
  4959 | D:10     | Found Fiagol's Antique Weapon Shop.
  5000 | D:10     | Bought a runed war axe for 149 gold pieces
  5044 | D:10     | Reached skill level 5 in Invocations
  5238 | D:10     | Reached XP level 10. HP: 64/98 MP: 4/4
  5591 | D:10     | Slain by an unseen horror

Levels and vault maps discovered:
D:1:      evilmike_arrival_rings, layout_rooms
D:2:      layout_rooms, chequers_ecumenical_altar_twisty, minmay_misc_feat_iff,
          minivault_14, minmay_tromino_v4_b, uniq_terence
D:3:      layout_loops_ring, grunt_qazlal_clouds, first_ration
D:4:      layout_gridville, grunt_nemelex_the_gamble, uniq_crazy_yiuf_cottage,
          uniq_blork_the_orc
D:5:      layout_basic, uniq_prince_ribbit1
D:6:      layout_basic, kennysheep_mini_moat, fedhas_altar_2,
          minmay_temple_entry_gardened_gates, gammafunk_ghost_smash
D:7:      layout_layer_cave
D:8:      layout_loops_ring, old_standard_altar
D:10:     layout_loops_cross, zombieorc2_lemuel, serial_shops, shop,
          small_statue_alley_a
Temple:   compressed_dpeg_circular_temple

Skill      XL: |  1  2  3  4  5  6  7  8  9 |
---------------+----------------------------+-----
Fighting       | 3 4 5 6 7 8 |  8.7
Axes           | 3 4 5 6 8 9 |  9.9
Armour         | 4 5 6 7 |  7.5
Invocations    | 2 5 |  5.4
Shields        | |  3.2

Action                   |  1- 3 |  4- 6 |  7- 9 | 10-12 || total
-------------------------+-------+-------+-------+-------++-------
Melee: War axe           |    82 |   162 |   616 |    77 ||   937
 Abil: Heal Wounds       |     1 |    10 |    15 |     2 ||    28
  Use: Scroll            |       |       |    11 |       ||    11
       Potion            |       |       |     2 |       ||     2
  Eat: Chunk             |       |     3 |    20 |       ||    23
       Ration            |       |       |     3 |       ||     3
Armor: Scale mail        |    41 |    57 |    77 |       ||   175
       Plate armour      |       |       |   408 |   121 ||   529
Dodge: Dodged            |    25 |    62 |   124 |     8 ||   219
Block: Kite shield       |    51 |    99 |   367 |    26 ||   543

Table legend:
 A = Non-vault XP
 B = Vault XP
 C = Vault XP percentage of total XP
 D = Non-vault monster count
 E = Vault monster count
 F = Vault count percentage of total count
                 A         B        C        D         E       F
            +---------+---------+-------+---------+---------+-------
      Total |    4792 |    1218 |  20.3 |     137 |      40 |  22.6
            +---------+---------+-------+---------+---------+-------
        D:1 |      27 |       0 |   0.0 |       7 |       0 |   0.0
        D:2 |      62 |      13 |  17.3 |      17 |       1 |   5.6
        D:3 |      50 |       0 |   0.0 |       8 |       0 |   0.0
        D:4 |     372 |     138 |  27.1 |      17 |       2 |  10.5
        D:5 |     242 |     283 |  53.9 |      11 |       1 |   8.3
        D:6 |    1290 |       0 |   0.0 |      34 |       0 |   0.0
        D:7 |     335 |       0 |   0.0 |      10 |       0 |   0.0
        D:8 |    1014 |       0 |   0.0 |      18 |       0 |   0.0
       D:10 |    1400 |     784 |  35.9 |      15 |      36 |  70.6
            +---------+---------+-------+---------+---------+-------
